 Dungeon Crawl Stone Soup version 0.19.0-11-g3fc08b3 (webtiles) character file.

595227 inmateoo the Wrestler (level 27, -21/292 (293) HPs)
             Began as a Naga Warper on Nov 8, 2016.
             Was the Champion of Cheibriados.
             Killed from afar by a hellion (23 damage)
             ... with damnation
             ... in Pandemonium on Nov 9, 2016.
             The game lasted 02:24:56 (47045 turns).

inmateoo the Wrestler (Naga Warper)                Turns: 47045, Time: 02:24:57

HP:   -21/292 (293) AC: 33    Str: 49    XL:     27
MP:   39/46         EV: 22    Int: 30    God:    Cheibriados [******]
Gold: 2028          SH: 21    Dex: 25    Spells: 13 memorised, 5 levels left

rFire  + + .     SeeInvis +       - Unarmed
rCold  + . .     Gourm    .     (armour currently unavailable)
rNeg   + + .     Faith    .     F - +0 shield "Tovis" {rC+ Str+2 SInv}
rPois  ∞         Spirit   .     (helmet restricted)
rElec  +         Reflect  .     s - +2 cloak {MR+}
rCorr  +         Harm     .     (gloves currently unavailable)
MR     ++++.     Clarity  +     (no barding)
Stlth  ++........               R - amulet of magic regeneration
                                G - ring of Eschair {rCorr rN+ Str+6 Int+3}
                                L - ring of the Forgotten Orbs {*Slow rElec rF++ MP+9 Str+3 Dex+2}

@: statue-form, very slightly contaminated, deflect missiles, very slow
A: beak, large bone plates 1, (yellow scales 0), see invisible, clarity, clumsy
2, deformed body, dopey 1, frail 1, low mp 1, poison resistance, screaming 1,
(shaggy fur 0), electricity resistance, (slowness 0), slow metabolism 1, spit
poison 2, weak 1, constrict 1, AC +9
a: Breathe Poison Gas, End Transformation, Bend Time, Temporal Distortion,
Slouch, Step From Time, Renounce Religion
}: 4/15 runes: decaying, silver, abyssal, gossamer


You were in Pandemonium.
You worshipped Cheibriados.
Cheibriados was exalted by your worship.
You were not hungry.
You were a stone statue.
You visited 8 branches of the dungeon, and saw 42 of its levels.
You visited Pandemonium 1 time, and saw 5 of its levels.
You visited the Abyss 1 time.
You also visited: Wizlab.

You collected 6686 gold pieces.
You spent 4658 gold pieces at shops.

Inventory:

Hand Weapons
 T - the +7 lajatang of Order {silver, rMut}
   (You found it on level 1 of the Crypt)

   It protects you from mutation.
Missiles
 o - 6 javelins of returning (quivered)
 x - 9 javelins
Armour
 d - a +2 helmet
 e - a +4 naga barding (melded)
 s - a +2 cloak of magic resistance (worn)
 t - a +4 troll leather armour (melded)
 v - the +4 naga barding of Divine Intervention {rElec MR+++ Dex+3 Slay-5}
   (You acquired it on level 2 of the Orcish Mines)

   It affects your dexterity (+3).
   It affects your accuracy and damage with ranged weapons and melee attacks
   (-5).
   It insulates you from electricity.
   It affects your resistance to hostile enchantments.
 F - the +0 shield "Tovis" (worn) {rC+ Str+2 SInv}
   (You found it on level 2 of the Spider Nest)

   It affects your strength (+2).
   It protects you from cold.
   It lets you see invisible.
 H - a +2 pair of gloves of dexterity (melded)
Jewellery
 G - the ring of Eschair (right hand) {rCorr rN+ Str+6 Int+3}
   (You bought it in a shop on level 2 of the Orcish Mines)

   [ring of resist corrosion]

   It affects your strength (+6).
   It affects your intelligence (+3).
   It protects you from negative energy.
 J - the ring of Ohiukuon {rC+ Str+4}
   (You found it on level 5 of the Vaults)

   [ring of protection from cold]

   It affects your strength (+4).
   It protects you from cold.
 L - the ring of the Forgotten Orbs (left hand) {*Slow rElec rF++ MP+9 Str+3 Dex+2}
   (You bought it in a shop on level 8 of the Dungeon)

   [ring of magical power]

   It affects your strength (+3).
   It affects your dexterity (+2).
   It greatly protects you from fire.
   It insulates you from electricity.
   It affects your magic capacity (+9).
   It may slow you when you take damage.
 R - an amulet of magic regeneration (around neck)
 S - the ring "Xuiczyn" {MR+ EV+3}
   (You took it off a deep elf high priest on level 5 of the Vaults)

   [ring of evasion]

   It affects your evasion (+3).
   It affects your resistance to hostile enchantments.
 V - an uncursed ring of protection from cold
Wands
 b - a wand of teleportation (1/9)
 n - a wand of digging (12/24)
 y - a wand of iceblast (6/15)
 K - a wand of paralysis (14/24)
 N - a wand of disintegration (13/24)
Scrolls
 c - 4 scrolls of blinking
 l - 3 scrolls of fog
 q - 20 scrolls of remove curse
 r - 22 scrolls of teleportation
 u - 5 scrolls of identify
 A - a scroll of enchant armour
 E - 4 scrolls of amnesia
 I - 8 scrolls of recharging
 P - 5 scrolls of fear
 X - 10 scrolls of magic mapping
 Y - a scroll of holy word
Potions
 a - 23 potions of curing
 h - 3 potions of cure mutation
 i - 6 potions of magic
 k - 11 potions of brilliance
 w - 10 potions of ambrosia
 z - 8 potions of flight
 B - 4 potions of invisibility
 C - 4 potions of cancellation
 D - 7 potions of might
 M - 4 potions of resistance
 Q - 9 potions of heal wounds
 W - 2 potions of agility
 Z - 2 potions of beneficial mutation
Miscellaneous
 g - 4 boxes of beasts
 p - a lamp of fire
 O - a phial of floods
 U - a fan of gales
Comestibles
 f - 28 bread rations
 j - 4 royal jellies
 m - 14 meat rations


   Skills:
 + Level 16.1 Fighting
 + Level 2.9 Staves
 + Level 10.1 Throwing
 + Level 11.5 Armour
 + Level 12.6 Dodging
 + Level 11.2 Shields
 * Level 22.2 Unarmed Combat
 * Level 14.1 Spellcasting
 + Level 6.2 Charms
 + Level 6.3 Necromancy
 - Level 6.0 Translocations
 - Level 12.0 Transmutations
 * Level 8.9 Air Magic
 - Level 16.1 Earth Magic
 - Level 7.3 Invocations


You had 5 spell levels left.
You knew the following spells:

 Your Spells              Type           Power        Failure   Level  Hunger
a - Regeneration          Chrm/Necr      ######....   1%          3    None
b - Shroud of Golubria    Chrm/Tloc      ######....   1%          2    None
d - Passage of Golubria   Tloc           N/A          1%          4    None
e - Song of Slaying       Chrm           ######..     1%          2    None
f - Blink                 Tloc           N/A          1%          2    None
g - Shatter               Erth           #######...   99%         9    #######
h - Statue Form           Tmut/Erth      #######..    1%          6    ####...
i - Passwall              Tmut/Erth      #######...   0%          2    None
j - Iron Shot             Conj/Erth      ######....   14%         6    ####...
k - Apportation           Tloc           ######....   1%          1    None
l - Summon Butterflies    Summ           ###.....     1%          1    None
m - Deflect Missiles      Chrm/Air       ######....   17%         6    ####...
n - Dispel Undead         Necr           ######..     6%          5    None


Dungeon Overview and Level Annotations

Branches:
Dungeon (15/15)            Temple (0/1) D:7            Lair (6/6) D:8
  Swamp (4/4) Lair:2       Spider (4/4) Lair:4        Slime (0/5) Lair:5
    Orc (2/2) D:11            Elf (3/3) Orc:2        Vaults (5/5) D:14
  Crypt (3/3) Vaults:2       Tomb (0/3) Crypt:3      Depths (0/5) D:15

Altars:
Ashenzari
Cheibriados
Dithmenos
Hepliaklqana
Kikubaaqudgha
Okawaru
Ru
Sif Muna
Vehumet
Xom
Yredelemnul
Zin
Beogh

Shops:
D:4 *   D:8 =   Orc:2 :[*   Elf:2 [   Elf:3 ?%?[[   Vaults:1 (   Vaults:4 *

Portals:
Pandemonium: Orc:2

Annotations:
Elf:2 3 runed doors


Innate Abilities, Weirdness & Mutations

You cannot wear boots.
((Your serpentine skin is tough. (AC +9)))
You have supernaturally acute eyesight. (SInv)
Armour fits poorly on your strangely shaped body.
Your system is resistant to poisons. (rPois)
((You cover ground very slowly.))
You have a slow metabolism.
You can exhale a cloud of poison.
You can use your snake-like lower body to constrict enemies.
You have a beak for a mouth.
(You are partially covered in large bone plates. (SH +4))
((You are partially covered in yellow scales. (AC +2)))
You possess an exceptional clarity of mind.
You are very clumsy. (Dex -4)
You are dopey. (Int -2)
You are frail. (-10% HP)
Your magical capacity is low. (-10% MP)
You occasionally shout uncontrollably at your foes.
((You are covered in fur. (AC +1)))
You are resistant to electric shocks. (rElec)
You are weak. (Str -2)


Message History

The damnation engulfs the hellion.
The hellion completely resists.
The damnation engulfs the hellion.
The hellion completely resists.
The damnation engulfs the hellion.
The hellion completely resists.
The hellion gestures at you.
The sphere of damnation explodes!
The damnation engulfs you!
* * * LOW HITPOINT WARNING * * *
The damnation engulfs the hellion.
The hellion completely resists.
The damnation engulfs the hellion.
The hellion completely resists.
The damnation engulfs the hellion.
The hellion completely resists.
The damnation engulfs the hellion.
The hellion completely resists.
The hellion gestures at you.
The sphere of damnation explodes!
The damnation engulfs you!
* * * LOW HITPOINT WARNING * * *
The damnation engulfs the hellion.
The hellion completely resists.
The damnation engulfs the hellion.
The hellion completely resists.
The damnation engulfs the hellion.
The hellion completely resists.
The damnation engulfs the hellion.
The hellion completely resists.
The hellion gestures at you.
The sphere of damnation explodes!
The damnation engulfs you!
You die...

..... #### ... ≈§ §.≈
...#######.### §≈ ≈§≈§
##.......§..##. ≈§§≈≈§§
.##......#..#.§§ ≈§≈.≈§§
^........#....§§ ≈2[2.§≈
...........#.§§≈§Yb&|.≈§
###..........≈≈≈§2422[$.
#.)........§≈§822222..
###.#.(###.≈≈§222)2..≈
#..........≈§§§≈.\...≈
#......###..§≈≈§...§≈§
###[.##..###...≈§§≈.≈§§≈≈
....[......#...§§≈§§§§§§§.
...)...###.....≈≈≈≈≈§≈§≈≈#.######
...∩...##.......≈.≈§§§§..........
....)[)##......§§.≈§≈... #...#


You could see Genteqil, a hellephant, an orange demon, 14 hellions and a fire
bat.

Vanquished Creatures
  Bai Suzhen (Elf:3)
  Frederick (Crypt:3)
  the Lernaean hydra (Swamp:4)
  A golden dragon (Vaults:5)
  A bone dragon (Crypt:3)
  A profane servitor (Crypt:3)
  Arachne (Spider:2)
  3 Tzitzimimeh (Pan)
  2 hellephants (Abyss:4)
  Jorgrun (Spider:2)
  4 tentacled monstrosities (Vaults:5)
  3 titans (Vaults:5)
  2 deep elf blademasters (Elf:3)
  2 deep elf master archers (Elf:3)
  3 liches
  An Executioner (Pan)
  6 tentacled starspawn
  Kirke (Lair:5)
  Gastronok (Orc:1)
  A sphinx (shapeshifter) (Vaults:5)
  6 sphinxes
  3 shadow dragons (Vaults:5)
  3 tengu reavers
  11 ancient champions
  3 storm dragons
  2 thorn hunters
  An iron dragon (Vaults:5)
  4 revenants
  4 frost giants (Vaults:5)
  4 fire giants (Vaults:5)
  3 warmongers (Pan)
  4 deep elf sorcerers
  4 blood saints (Pan)
  13 vault wardens
  4 ghost moths (Spider:4)
  8 cacodemons (Pan)
  A curse skull (Crypt:2)
  5 emperor scorpions
  5 balrugs
  7 deep elf elementalists (Elf:3)
  2 draconian shifters (Abyss:4)
  5 ghouls
  A war gargoyle (Vaults:5)
  An angel (D:13)
  7 very ugly things
  3 vampire knights
  3 entropy weavers
  An ophan (Abyss:4)
  6 reapers (Pan)
  17 ironheart preservers
  4 corrupters (Pan)
  10 stone giants
  10 deep elf annihilators
  11 deep elf demonologists
  2 spark wasps
  A black sun (Pan)
  2 lorocyprocas (Pan)
  The ghost of Leszczynek the Cruncher, a journeyman DEHu of Okawaru (Orc:2)
  8 dire elephants
  9 purple draconians (WizLab)
  8 eidola
  6 statues (WizLab)
  5 blizzard demons
  A crystal guardian (Vaults:4)
  2 green deaths (Pan)
  5 deep elf death magi
  5 ettins
  4 fire dragons
  12 jiangshi
  Josephine (Swamp:1)
  15 yaktaur captains
  The ghost of lorenzova the Unseen, a journeyman SpEn of Dithmenos (Lair:6)
  5 great orbs of eyes
  Fannar (Orc:1)
  9 ogre magi
  5 deep elf high priests
  5 monstrous demonspawn (Pan)
  An ice dragon (Vaults:2)
  2 rakshasas
  A ghost crab (shapeshifter) (Vaults:4)
  11 centaur warriors
  37 vault guards
  2 ghost crabs
  6 death knights
  A hell beast (Pan)
  A tengu warrior (D:15)
  30 hydras
  10 alligators
  2 deep troll shamans
  4 hell hogs (Pan)
  12 dancing weapons
  5 orc high priests
  10 vampire magi
  8 thrashing horrors
  4 hell knights (Vaults:5)
  A spectral storm dragon (Crypt:3)
  A spriggan berserker (Swamp:2)
  7 wretched stars
  14 sun demons
  Nergalle (D:11)
  4 soul eaters
  16 deep elf knights
  16 sixfirhies
  A storm dragon zombie (Crypt:2)
  A spatial maelstrom (Abyss:4)
  4 shadow wraiths
  42 skeletal warriors
  25 slime creatures
  3 infernal demonspawn
  3 torturous demonspawn
  An obsidian statue (D:10)
  2 shambling mangroves
  A death drake (shapeshifter) (Vaults:1)
  8 unseen horrors
  6 shadow demons
  An iron giant skeleton (Crypt:3)
  3 glowing orange brains
  A flayed ghost (Crypt:2)
  3 gelid demonspawn (Pan)
  3 lindwurms
  6 deep trolls
  4 spriggan druids
  A shadow dragon zombie (Abyss:3)
  22 phantasmal warriors
  8 hill giants
  20 orc knights
  A harpy (shapeshifter) (Vaults:2)
  9 swamp dragons
  4 wizards
  A lindwurm (shapeshifter) (Vaults:5)
  21 deep elf archers
  20 ironbrand convokers
  12 harpies
  8 necromancers
  A stone giant zombie (Vaults:4)
  A spectral ice dragon (Crypt:3)
  A mana viper (shapeshifter) (Vaults:4)
  49 wolf spiders
  10 orc sorcerers
  23 orb spiders
  76 deep elf magi
  4 manticores
  The ghost of Krapule the Transmogrifier, a novice FeTm of Xom (D:9)
  32 ugly things
  11 elephants
  2 iron dragon skeletons
  A sphinx skeleton (Vaults:4)
  A moth of wrath (shapeshifter) (Vaults:5)
  A worldbinder (Abyss:4)
  5 spectral fire dragons (Crypt:3)
  A fire giant skeleton (Crypt:3)
  4 cyclopes
  Maurice (D:8)
  A moth of wrath (Spider:2)
  A titan simulacrum (Crypt:2)
  2 rust devils (Orc:2)
  4 black mambas
  13 vault sentinels
  2 torpor snails
  20 smoke demons
  A guardian serpent (shapeshifter) (D:15)
  Psyche (D:8)
  10 orange demons
  An apocalypse crab (Abyss:3)
  2 gargoyles
  14 large abominations
  An emperor scorpion zombie (Crypt:2)
  A rime drake (shapeshifter) (Vaults:3)
  33 spiny frogs
  10 rime drakes
  A white draconian zombie (Crypt:2)
  17 demonic crawlers
  3 hellions (Pan)
  10 komodo dragons
  A white draconian skeleton (Crypt:2)
  3 efreet
  12 freezing wraiths
  42 yaktaurs
  An ice devil (Abyss:3)
  7 red devils
  A tengu conjurer (D:15)
  10 hellwings
  4 ancient zymes
  3 elf skeletons (Vaults:5)
  5 guardian mummies (Crypt:3)
  7 trolls
  56 jumping spiders
  11 tyrant leeches
  22 two-headed ogres
  An iron troll skeleton (Crypt:2)
  34 hornets
  A queen bee (Lair:3)
  A hydra zombie (Abyss:3)
  A meliai (D:14)
  A hornet (shapeshifter) (Vaults:4)
  7 raiju
  19 blink frogs
  14 bog bodies
  2 meliai zombies
  A raiju (shapeshifter) (D:13)
  5 dream sheep (Lair:5)
  19 hippogriffs
  A jumping spider zombie (Crypt:3)
  2 stone giant simulacra
  5 air elementals
  Sigmund (D:6)
  84 redbacks
  A spriggan (shapeshifter) (Vaults:4)
  An alligator skeleton (Crypt:1)
  7 wyverns
  23 flying skulls
  6 spriggans
  4 shadows
  21 wraiths
  6 water elementals
  45 tarantellas
  A satyr skeleton (Crypt:3)
  7 ynoxinuls
  2 fire bats (Pan)
  71 yaks
  5 vampires
  5 fire elementals
  2 golden eyes (Abyss:4)
  5 hungry ghosts
  7 neqoxecs
  11 basilisks
  6 hogs (Lair:5)
  A wind drake skeleton (Crypt:3)
  6 chaos spawn
  26 vampire mosquitoes
  Menkaure (D:6)
  3 mottled dragons
  2 steam dragons
  14 insubstantial wisps
  8 spatial vortices (Abyss:4)
  A water nymph zombie (Crypt:2)
  A gelid demonspawn zombie (Crypt:1)
  A harpy simulacrum (Crypt:2)
  24 swamp worms
  6 wargs
  A soldier ant (D:15)
  A water moccasin (shapeshifter) (D:14)
  Duvessa (D:5)
  A hydra simulacrum (Crypt:2)
  8 porcupines
  2 hell hounds (D:15)
  16 water moccasins
  A monstrous demonspawn skeleton (Crypt:1)
  A snapping turtle zombie (Crypt:3)
  A swamp drake (shapeshifter) (D:14)
  5 black bears
  3 ice beasts
  55 orc warriors
  2 phantoms
  10 small abominations
  13 swamp drakes
  An eye of draining (shapeshifter) (Vaults:2)
  5 sky beasts
  A spiny frog skeleton (Crypt:2)
  4 boggarts (D:14)
  3 human zombies
  An eye of draining (Abyss:4)
  2 human skeletons (Vaults:4)
  2 necrophages
  45 ogres
  14 wolves
  17 centaurs
  A rime drake zombie (Crypt:1)
  3 big kobolds
  20 crocodiles
  A big kobold (shapeshifter) (Vaults:1)
  A salamander zombie (Crypt:1)
  22 bullfrogs
  2 earth elementals
  A deep troll simulacrum (Vaults:2)
  Dowan (D:5)
  A hornet simulacrum (D:15)
  2 wyvern skeletons
  3 scorpions
  50 killer bees
  2 shapeshifter zombies
  7 wights (D:15)
  4 electric eels
  10 crimson imps
  4 howler monkeys
  28 starcursed masses
  8 jellies
  A quasit (D:12)
  4 centaur zombies
  5 human simulacra
  12 hounds
  2 centaur skeletons
  A gnoll shaman (D:8)
  30 orc priests
  An iron imp (Abyss:3)
  25 orc wizards
  Crazy Yiuf (D:5)
  8 iguanas
  Jessica (D:2)
  16 worker ants
  A tengu zombie (Crypt:1)
  A dwarf zombie (Crypt:1)
  A deep dwarf skeleton (Crypt:2)
  A crocodile skeleton (Crypt:2)
  2 hound skeletons
  7 mummies (Crypt:3)
  2 worker ant zombies
  7 gnolls
  A swamp drake zombie (Crypt:2)
  13 adders
  A howler monkey skeleton (D:5)
  A river rat (Lair:6)
  4 shadow imps
  2 white imps
  An ufetubus (Abyss:3)
  7 oozes
  3 adder skeletons
  A halfling skeleton (Crypt:1)
  An iguana skeleton (Crypt:1)
  11 worms
  3 dart slugs
  3 leopard geckos
  99 orcs
  A ball python (D:1)
  10 bats
  11 giant cockroaches
  9 goblins
  7 hobgoblins
  11 jackals
  24 kobolds
  7 quokkas
  10 frilled lizards
  A frilled lizard zombie (Crypt:3)
  A jackal zombie (D:4)
  2 quokka skeletons
  A quokka zombie (D:7)
  8 rats
  A butterfly (Lair:2)
  2 starspawn tentacles
2638 creatures vanquished.

Vanquished Creatures (others)
  A hydra (Swamp:4)
  A small abomination (Elf:3)
  An orb spider (Spider:4)
  A wolf spider (Spider:2)
  A spiny frog (Swamp:4)
  A yaktaur (Vaults:3)
  A troll (D:10)
  A tyrant leech (D:15)
  A redback (Spider:4)
  A fire bat (Pan)
  A human (Lair:5)
  A vampire mosquito (Swamp:3)
  A neqoxec (Pan)
  A swamp drake (Swamp:4)
  An iguana (Lair:6)
  2 worms (D:15)
  An orc (Vaults:5)
  A crawling corpse (Elf:3)
  20 fungi
  25 plants
  11 starspawn tentacles
75 creatures vanquished.

Grand Total: 2713 creatures vanquished

Notes
Turn   | Place    | Note
-------+----------+-------------------------------------------
     0 | D:1      | inmateoo the Naga Warper began the quest for the Orb.
     0 | D:1      | Reached XP level 1. HP: 19/19 MP: 3/3
   351 | D:1      | Reached XP level 2. HP: 4/26 MP: 5/5
   810 | D:1      | Reached skill level 3 in Unarmed Combat
   982 | D:1      | Reached XP level 3. HP: 31/32 MP: 6/6
  1556 | D:2      | Found an iron altar of Okawaru.
  1556 | D:2      | Found a sacrificial altar of Ru.
  1557 | D:2      | Found a radiant altar of Vehumet.
  1704 | D:2      | Noticed Jessica
  1733 | D:2      | Killed Jessica
  1733 | D:2      | Reached XP level 4. HP: 16/40 MP: 7/7
  2656 | D:3      | Reached skill level 4 in Unarmed Combat
  2656 | D:3      | Reached XP level 5. HP: 40/49 MP: 8/8
  2783 | D:3      | Gained mutation: You have a pair of small horns on your head. [potion of mutation]
  2783 | D:3      | Gained mutation: You are partially covered in yellow scales. (AC +2) [potion of mutation]
  3298 | D:4      | Reached XP level 6. HP: 54/56 MP: 9/9
  3369 | D:4      | Found a shadowy altar of Dithmenos.
  4086 | D:4      | Found an iron altar of Okawaru.
  4090 | D:4      | Reached skill level 5 in Unarmed Combat
  4090 | D:4      | Reached XP level 7. HP: 45/64 MP: 10/10
  4165 | D:4      | Found Efitiy's Assorted Antiques.
  4174 | D:4      | Bought a scroll of identify for 38 gold pieces
  4174 | D:4      | Bought a metallic emerald potion for 17 gold pieces
  4174 | D:4      | Bought a black potion for 17 gold pieces
  4258 | D:5      | Entered Level 5 of the Dungeon
  4278 | D:5      | Noticed Duvessa
  4280 | D:5      | Noticed Dowan
  4306 | D:5      | Killed Duvessa
  4839 | D:5      | Killed Dowan
  4839 | D:5      | Reached skill level 5 in Fighting
  4844 | D:5      | HP: 2/67 [centaur/arrow (8)]
  4851 | D:5      | Reached XP level 8. HP: 17/74 MP: 11/11
  5216 | D:5      | Reached skill level 6 in Unarmed Combat
  5792 | D:5      | Found a runed door.
  5925 | D:5      | Noticed Crazy Yiuf
  5931 | D:5      | Killed Crazy Yiuf
  6049 | D:6      | Reached skill level 7 in Unarmed Combat
  6135 | D:6      | Noticed Sigmund
  6145 | D:6      | Killed Sigmund
  6145 | D:6      | Reached skill level 5 in Dodging
  6145 | D:6      | Reached XP level 9. HP: 77/82 MP: 12/12
  6322 | D:6      | Reached skill level 8 in Unarmed Combat
  6338 | D:6      | Found a hazy altar of Hepliaklqana.
  6571 | D:6      | Learned a level 2 spell: Blink
  6574 | D:6      | Learned a level 2 spell: Shroud of Golubria
  6577 | D:6      | Learned a level 2 spell: Repel Missiles
  6582 | D:6      | Learned a level 4 spell: Passage of Golubria
  6762 | D:6      | Noticed Menkaure
  6766 | D:6      | Killed Menkaure
  6899 | D:7      | Found a snail-covered altar of Cheibriados.
  6907 | D:7      | Became a worshipper of Cheibriados the Contemplative
  7247 | D:7      | Found a staircase to the Ecumenical Temple.
  7397 | D:7      | Reached skill level 9 in Unarmed Combat
  7397 | D:7      | Reached skill level 1 in Invocations
  7554 | D:7      | Found a faded altar of an unknown god.
  7554 | D:7      | Found a faded altar of an unknown god.
  7561 | D:7      | Found a faded altar of an unknown god.
  7563 | D:7      | Found a glowing silver altar of Zin.
  7565 | D:7      | Found a faded altar of an unknown god.
  7715 | D:8      | Reached * piety under Cheibriados
  7715 | D:8      | Reached skill level 1 in Armour
  7744 | D:8      | Noticed a hill giant
  7759 | D:8      | Killed a hill giant
  7759 | D:8      | Reached XP level 10. HP: 45/94 MP: 11/13
  8156 | D:8      | Reached ** piety under Cheibriados
  8258 | D:8      | Noticed Maurice
  8303 | D:8      | Killed Maurice
  8353 | D:8      | Noticed Psyche
  8366 | D:8      | Killed Psyche
  8366 | D:8      | Reached skill level 10 in Unarmed Combat
  8579 | D:8      | Found a basalt altar of Yredelemnul.
  8627 | D:8      | Found a snail-covered altar of Cheibriados.
  8758 | D:8      | Found Voribeok's Jewellery Emporium.
  8762 | D:8      | Found a staircase to the Lair.
  9055 | D:9      | Found a shattered altar of Ashenzari.
  9094 | D:9      | Reached *** piety under Cheibriados
  9112 | D:9      | Found a shadowy altar of Dithmenos.
  9454 | D:9      | Noticed Krapule's ghost (novice FeTm)
  9468 | D:9      | Killed Krapule's ghost
  9468 | D:9      | Reached skill level 5 in Invocations
  9468 | D:9      | Reached XP level 11. HP: 77/103 MP: 14/14
  9794 | D:9      | Reached skill level 11 in Unarmed Combat
  9935 | D:10     | Entered Level 10 of the Dungeon
 10058 | D:10     | Noticed an unseen horror
 10067 | D:10     | Killed an unseen horror
 10067 | D:10     | Reached **** piety under Cheibriados
 11089 | D:10     | Noticed an unseen horror
 11129 | D:10     | Killed an unseen horror
 11133 | D:10     | Noticed Nergalle
 11148 | D:11     | Killed Nergalle
 11148 | D:11     | Reached skill level 12 in Unarmed Combat
 11254 | D:10     | Noticed an obsidian statue
 11270 | D:10     | Learned a level 3 spell: Regeneration
 11408 | D:10     | Reached ***** piety under Cheibriados
 11495 | D:10     | Noticed a death knight
 11502 | D:10     | Reached skill level 5 in Armour
 11693 | D:10     | Noticed a skeletal warrior
 11705 | D:10     | Killed a death knight
 12396 | D:11     | Found a staircase to the Orcish Mines.
 12421 | D:11     | Identified a +0 rod of inaccuracy (11/11) (You found it on level 11 of the Dungeon)
 12569 | D:11     | Reached XP level 12. HP: 110/110 MP: 17/17
 12667 | D:11     | Gained mutation: You occasionally shout uncontrollably at your foes. [mutagenic meat]
 12668 | D:11     | Gained mutation: You are weak. (Str -2) [mutagenic meat]
 12669 | D:11     | Gained mutation: You are dopey. (Int -2) [mutagenic meat]
 13061 | D:11     | Learned a level 1 spell: Beastly Appendage
 13125 | D:11     | Reached skill level 1 in Transmutations
 13448 | D:8      | Bought the ring of the Forgotten Orbs {*Slow rElec rF++ MP+9 Str+3 Dex+2} for 676 gold pieces
 13670 | D:10     | Got a transparent copper amulet
 13672 | D:10     | Identified the amulet "Jichomeng" {+Blink +Rage} (You found it on level 10 of the Dungeon)
 13732 | Lair:1   | Entered Level 1 of the Lair of Beasts
 14101 | Lair:1   | Noticed a seven-headed hydra
 14106 | Lair:1   | Killed a seven-headed hydra
 14106 | Lair:1   | Reached skill level 13 in Unarmed Combat
 14533 | Lair:2   | Noticed a five-headed hydra
 14546 | Lair:2   | Reached ****** piety under Cheibriados
 14700 | Lair:2   | Noticed a six-headed hydra
 14708 | Lair:2   | Killed a six-headed hydra
 15118 | Lair:2   | Reached skill level 1 in Charms
 15152 | Lair:2   | Found a staircase to the Swamp.
 15325 | Lair:2   | Killed a five-headed hydra
 15512 | Lair:2   | Reached skill level 5 in Transmutations
 15628 | Lair:2   | Gained mutation: You can use your snake-like lower body to constrict enemies. [Naga growth]
 15628 | Lair:2   | Reached XP level 13. HP: 97/117 MP: 18/18
 15796 | Lair:2   | Reached XP level 14. HP: 126/126 MP: 21/21
 15810 | Lair:2   | Reached skill level 5 in Spellcasting
 15954 | Lair:2   | Learned a level 5 spell: Blade Hands
 16110 | Lair:2   | Got a pitted cloak
 16137 | Lair:2   | Identified the +0 cloak "Jaufed" {Str+7 SInv} (You found it on level 2 of the Lair of Beasts)
 16653 | Lair:2   | Reached skill level 5 in Translocations
 17383 | Lair:3   | Gained mutation: You are partially covered in large bone plates. (SH +4) [potion of mutation]
 17422 | Lair:3   | Reached skill level 14 in Unarmed Combat
 18510 | Lair:4   | Found a hole to the Spider Nest.
 19116 | Lair:5   | Noticed Kirke
 19122 | Lair:5   | Killed Kirke
 19177 | Lair:5   | Found a staircase to the Slime Pits.
 19211 | Lair:5   | Reached XP level 15. HP: 132/135 MP: 24/24
 19585 | Lair:5   | Got a bloodstained leather armour
 19596 | Lair:5   | Identified the +1 leather armour of Ifryst {Str+2} (You found it on level 5 of the Lair of Beasts)
 19908 | Lair:6   | Entered Level 6 of the Lair of Beasts
 19908 | Lair:6   | Noticed lorenzova's ghost (journeyman SpEn)
 20236 | Lair:6   | Killed lorenzova's ghost
 20264 | Lair:6   | Reached skill level 10 in Transmutations
 20605 | Lair:6   | Reached skill level 15 in Unarmed Combat
 20623 | Lair:6   | Reached skill level 5 in Shields
 21042 | Lair:6   | Learned a level 6 spell: Statue Form
 21514 | Lair:6   | Reached skill level 1 in Earth Magic
 21627 | D:8      | Bought an uncursed ring of protection from magic for 300 gold pieces
 22245 | D:12     | Reached skill level 10 in Fighting
 22633 | D:12     | Gained mutation: You can exhale a cloud of poison. [mutagenic meat]
 22634 | D:12     | Gained mutation: You possess an exceptional clarity of mind. [mutagenic meat]
 22635 | D:12     | Lost mutation: You have a pair of small horns on your head. [mutagenic meat]
 22638 | D:12     | Gained mutation: You are agile. (Dex +2) [mutagenic meat]
 22718 | D:13     | Found a deep blue altar of Sif Muna.
 22917 | D:13     | Reached XP level 16. HP: 138/146 MP: 27/27
 22954 | D:13     | Found a glowing silver altar of Zin.
 22954 | D:13     | Found a runed door.
 23669 | D:14     | Gained mutation: You are resistant to electric shocks. (rElec) [mutagenic meat]
 23832 | D:14     | Found a shimmering altar of Xom.
 23832 | D:14     | Found a shimmering altar of Xom.
 23836 | D:14     | Found a shimmering altar of Xom.
 23836 | D:14     | Found a shimmering altar of Xom.
 23962 | D:14     | Found a gate to the Vaults.
 24062 | D:14     | Found an iron altar of Okawaru.
 24264 | D:14     | Gained mutation: You are covered in fur. (AC +1) [mutagenic meat]
 24331 | D:15     | Entered Level 15 of the Dungeon
 24424 | D:15     | Reached skill level 16 in Unarmed Combat
 24478 | D:15     | Found a staircase to the Depths.
 25317 | D:15     | Gained mutation: Your magical capacity is low. (-10% MP) [mutagenic meat]
 25484 | Orc:1    | Entered Level 1 of the Orcish Mines
 25484 | Orc:1    | Noticed Fannar
 25491 | Orc:1    | Killed Fannar
 25491 | Orc:1    | Reached skill level 5 in Earth Magic
 25629 | Orc:1    | Noticed Gastronok
 25638 | Orc:1    | Killed Gastronok
 25806 | Orc:1    | Found a roughly hewn altar of Beogh.
 26074 | Orc:2    | Entered Level 2 of the Orcish Mines
 26353 | Orc:2    | Noticed Leszczynek's ghost (journeyman DEHu)
 26371 | Orc:2    | Killed Leszczynek's ghost
 26550 | Orc:2    | Found Lestrime's General Store.
 26570 | Orc:2    | Found Gimom's Distillery.
 26574 | Orc:2    | Reached XP level 17. HP: 123/157 MP: 26/26
 26859 | Orc:2    | Bought a scroll of acquirement for 624 gold pieces
 26859 | Orc:2    | Bought the ring of Eschair {rCorr rN+ Str+6 Int+3} for 601 gold pieces
 26859 | Orc:2    | Bought a +2 pair of gloves of dexterity for 258 gold pieces
 26884 | Orc:2    | Got a pitted naga barding
 26895 | Orc:2    | Identified the +4 naga barding of Divine Intervention {rElec MR+++ Dex+3 Slay-5} (You acquired it on level 2 of the Orcish Mines)
 26992 | Orc:2    | Found Tocoal's Book Shoppe.
 26992 | Orc:2    | Found a one-way gate leading to the halls of Pandemonium.
 26992 | Orc:2    | Found Leykeligh's Antique Armour Emporium.
 27151 | Orc:2    | Found a staircase to the Elven Halls.
 27602 | D:13     | Identified the Guide on Moulding
 27612 | D:13     | Learned a level 2 spell: Passwall
 27877 | Swamp:1  | Entered Level 1 of the Swamp
 27948 | Swamp:1  | Noticed Josephine
 27951 | Swamp:1  | Cast into level 2 of the Abyss (Josephine)
 27951 | Abyss:2  | Found a corrupted altar of Lugonu.
 28034 | Abyss:2  | Found a corrupted altar of Lugonu.
 28072 | Abyss:3  | Noticed a tentacled starspawn
 28076 | Abyss:3  | Killed a tentacled starspawn
 28179 | Abyss:3  | Paralysed by accursed screaming for 1 turns
 28257 | Abyss:3  | Noticed a tentacled starspawn
 28277 | Abyss:3  | Killed a tentacled starspawn
 28277 | Abyss:3  | Reached skill level 17 in Unarmed Combat
 28399 | Abyss:3  | Noticed a tentacled starspawn
 28402 | Abyss:3  | Killed a tentacled starspawn
 28500 | Abyss:4  | Found a corrupted altar of Lugonu.
 28540 | Abyss:4  | Noticed a tentacled starspawn
 28543 | Abyss:4  | Killed a tentacled starspawn
 28553 | Abyss:4  | Reached XP level 18. HP: 168/168 MP: 28/28
 28751 | Abyss:4  | Lost mutation: You are agile. (Dex +2) [a neqoxec]
 28787 | Abyss:4  | Noticed a hellephant
 28813 | Abyss:4  | Found a corrupted altar of Lugonu.
 28814 | Abyss:4  | Noticed a hellephant
 28821 | Abyss:4  | Killed a hellephant
 28821 | Abyss:4  | Reached skill level 10 in Earth Magic
 28822 | Abyss:4  | Reached skill level 10 in Spellcasting
 28832 | Abyss:4  | Killed a hellephant
 28846 | Abyss:4  | Got an abyssal rune of Zot
 28877 | Abyss:5  | Entered Level 5 of the Abyss
 28882 | Swamp:1  | Escaped the Abyss
 28884 | Swamp:1  | Killed Josephine
 29513 | Swamp:2  | Reached skill level 18 in Unarmed Combat
 29834 | Swamp:2  | Reached XP level 19. HP: 176/176 MP: 29/29
 31010 | Swamp:4  | Entered Level 4 of the Swamp
 31223 | Swamp:4  | Noticed the 27-headed Lernaean hydra
 31234 | Swamp:4  | Killed the 27-headed Lernaean hydra
 31249 | Swamp:4  | Got a decaying rune of Zot
 31588 | Spider:1 | Entered Level 1 of the Spider Nest
 31764 | Spider:1 | Reached skill level 1 in Throwing
 32093 | Spider:2 | Reached XP level 20. HP: 185/186 MP: 29/30
 32104 | Spider:2 | Noticed Jorgrun
 32105 | Spider:2 | Noticed Arachne
 32112 | Spider:2 | Killed Jorgrun
 32115 | Spider:2 | Killed Arachne
 32130 | Spider:2 | Reached skill level 10 in Dodging
 32326 | Spider:2 | Got a translucent shield
 32327 | Spider:2 | Identified the +0 shield "Tovis" {rC+ Str+2 SInv} (You found it on level 2 of the Spider Nest)
 32364 | Spider:2 | Reached skill level 19 in Unarmed Combat
 32420 | Spider:2 | Learned a level 6 spell: Iron Shot
 33285 | Spider:3 | Identified the +0 cloak of the Heavens {rN+} (You found it on level 3 of the Spider Nest)
 33450 | Spider:4 | Entered Level 4 of the Spider Nest
 33990 | Spider:4 | Reached XP level 21. HP: 156/195 MP: 0/31
 34144 | Spider:4 | Got a gossamer rune of Zot
 34727 | Vaults:1 | Entered Level 1 of the Vaults
 35189 | Vaults:1 | Found Lutwutuann's Antique Weapon Shoppe.
 35821 | Vaults:2 | Reached skill level 5 in Throwing
 36263 | Vaults:2 | Found a staircase to the Crypt.
 36263 | Vaults:2 | Found a basalt altar of Yredelemnul.
 36269 | Vaults:2 | Reached XP level 22. HP: 206/206 MP: 32/32
 36276 | Vaults:2 | Found an ancient bone altar of Kikubaaqudgha.
 36659 | Vaults:2 | Reached skill level 20 in Unarmed Combat
 38232 | Vaults:4 | Found Boam's General Store.
 39086 | Vaults:4 | Reached XP level 23. HP: 190/214 MP: 33/33
 39125 | Vaults:5 | Entered Level 5 of the Vaults
 39173 | Vaults:4 | Reached skill level 15 in Earth Magic
 39451 | Vaults:5 | Got a twitching steel ring
 39452 | Vaults:5 | Identified the ring of Ohiukuon {rC+ Str+4} (You found it on level 5 of the Vaults)
 39589 | Vaults:5 | Got a pitted lead ring
 39646 | Vaults:5 | Noticed a golden dragon
 39649 | Vaults:5 | Killed a golden dragon
 39806 | Vaults:5 | Learned a level 1 spell: Apportation
 39853 | Vaults:5 | Learned a level 1 spell: Summon Butterflies
 39896 | Vaults:5 | Reached skill level 10 in Armour
 39922 | Vaults:5 | Reached XP level 24. HP: 224/224 MP: 34/34
 39924 | Vaults:5 | Reached skill level 10 in Shields
 39939 | Vaults:5 | Reached skill level 21 in Unarmed Combat
 40067 | Vaults:5 | Reached skill level 15 in Fighting
 40320 | Vaults:5 | Got a silver rune of Zot
 40467 | Vaults:5 | Identified the ring "Xuiczyn" {MR+ EV+3} (You took it off a deep elf high priest on level 5 of the Vaults)
 40732 | Crypt:1  | Entered Level 1 of the Crypt
 41219 | Crypt:1  | Learned a level 6 spell: Deflect Missiles
 41354 | Crypt:2  | Reached skill level 1 in Air Magic
 41383 | Crypt:2  | Found a shimmering altar of Xom.
 42099 | Crypt:3  | Entered Level 3 of the Crypt
 42180 | Crypt:3  | Found a magical portal.
 42203 | WizLab   | Entered Iskenderun's Mystic Tower
 42307 | WizLab   | Reached XP level 25. HP: 234/234 MP: 28/35
 42372 | WizLab   | Learned a level 5 spell: Dispel Undead
 42377 | WizLab   | Learned a level 2 spell: Song of Slaying
 42405 | WizLab   | Identified Iskenderun's Grimoire of Conjuration
 42405 | WizLab   | Identified Iskenderun's Reference Book on Confrontation
 42681 | Crypt:3  | Noticed Frederick
 42686 | Crypt:3  | Killed Frederick
 42792 | Crypt:3  | Reached skill level 5 in Air Magic
 42852 | Crypt:3  | Found an ancient bone altar of Kikubaaqudgha.
 42863 | Crypt:3  | Found a basalt altar of Yredelemnul.
 42891 | Crypt:3  | Got a sparkling brass amulet
 42892 | Crypt:3  | Identified the amulet "Plog" {Spirit -Tele +Inv rPois Str+3} (You found it on level 3 of the Crypt)
 43306 | Crypt:3  | Found a staircase to the Tomb.
 43788 | Elf:1    | Entered Level 1 of the Elven Halls
 44931 | Elf:2    | Found a runed gate.
 44931 | Elf:2    | Found a runed gate.
 44931 | Elf:2    | Found a runed gate.
 45056 | Elf:2    | Found Nigrol's Armour Shoppe.
 45165 | Elf:3    | Entered Level 3 of the Elven Halls
 45273 | Elf:3    | Noticed Bai Suzhen
 45274 | Elf:3    | Reached XP level 26. HP: 242/242 MP: 36/36
 45284 | Elf:3    | Killed Bai Suzhen
 45285 | Elf:3    | Killed the ghostly Bai Suzhen
 45285 | Elf:3    | Reached skill level 5 in Charms
 45310 | Elf:3    | Reached skill level 5 in Necromancy
 45560 | Elf:3    | Identified Paul's Tome of Execration and Summoning
 45597 | Elf:3    | Got a fine lead ring
 45598 | Elf:3    | Identified the ring "Vischueh" {Fire +Inv rElec rPois Int-4} (You found it on level 3 of the Elven Halls)
 45660 | Elf:3    | Found Ogis's Antique Armour Shop.
 45660 | Elf:3    | Found Sadu's Magic Scroll Boutique.
 45668 | Elf:3    | Found Elihaiceyt's Food Boutique.
 45683 | Elf:3    | Found Genice's Armour Shop.
 45692 | Elf:3    | Bought a distressingly furry cloak for 256 gold pieces
 45692 | Elf:3    | Identified the +1 cloak of Kum Ukya {Int+6} (You bought it in a shop on level 3 of the Elven Halls)
 45756 | Elf:3    | Found Maseifroro's Magic Scroll Shoppe.
 45764 | Elf:3    | Bought a scroll of identify for 28 gold pieces
 45764 | Elf:3    | Bought a scroll of recharging for 133 gold pieces
 45764 | Elf:3    | Bought a scroll of identify for 28 gold pieces
 45764 | Elf:3    | Bought a scroll of identify for 28 gold pieces
 45764 | Elf:3    | Bought a scroll of remove curse for 42 gold pieces
 45764 | Elf:3    | Bought a scroll of teleportation for 42 gold pieces
 45764 | Elf:3    | Bought a scroll of fear for 49 gold pieces
 45764 | Elf:3    | Bought a scroll of fear for 49 gold pieces
 45869 | Elf:3    | Bought a scroll of fear for 49 gold pieces
 45869 | Elf:3    | Bought a scroll of identify for 28 gold pieces
 45869 | Elf:3    | Bought a scroll of teleportation for 42 gold pieces
 45999 | Elf:3    | Learned a level 9 spell: Shatter
 46114 | Orc:2    | Bought a potion of invisibility for 88 gold pieces
 46114 | Orc:2    | Bought a potion of flight for 33 gold pieces
 46114 | Orc:2    | Bought a potion of heal wounds for 55 gold pieces
 46114 | Orc:2    | Bought a potion of invisibility for 88 gold pieces
 46114 | Orc:2    | Bought a potion of curing for 33 gold pieces
 46114 | Orc:2    | Bought a potion of brilliance for 44 gold pieces
 46114 | Orc:2    | Bought a potion of ambrosia for 88 gold pieces
 46114 | Orc:2    | Bought a potion of might for 44 gold pieces
 46114 | Orc:2    | Bought 2 potions of heal wounds for 110 gold pieces
 46114 | Orc:2    | Bought 2 potions of beneficial mutation for 770 gold pieces
 46152 | Pan      | Entered Pandemonium
 46174 | Pan      | Found an exit through the horrors of the Abyss.
 46207 | Pan      | Reached skill level 1 in Staves
 46220 | Pan      | Identified the cursed -5 helmet "Juachiru" {*Slow +Blink Dex+3} (You found it in Pandemonium)
 46287 | Pan      | Reached skill level 22 in Unarmed Combat
 46445 | Pan      | Gained mutation: You have a beak for a mouth. [a cacodemon]
 46546 | Pan      | Gained mutation: You are frail. (-10% HP) [a neqoxec]
 46758 | Pan      | Noticed Genteqil the pandemonium lord
 46836 | Pan      | Gained mutation: You are clumsy. (Dex -2) [a neqoxec]
 46845 | Pan      | Reached XP level 27. HP: 225/225 MP: 36/36
 46895 | Pan      | Found an exit through the horrors of the Abyss.
 46931 | Pan      | Gained mutation: You are very clumsy. (Dex -4) [a cacodemon]
 46977 | Pan      | Reached skill level 10 in Throwing
 47045 | Pan      | HP: 2/292 [hellion/damnation (29)]
 47045 | Pan      | Killed from afar by a hellion

Skill      XL: |  1  2  3  4  5  6  7  8  9 10 11 12 13 14 15 16 17 18 19 20 21 22 23 24 25 26 27 |
---------------+----------------------------------------------------------------------------------+-----
Unarmed Combat | 3 4 5 7 9 10 12 13 14 15 16 17 18 19 20 21 22 | 22.2
Dodging        | 2 3 4 5 6 7 8 9 10 11 12 | 12.6
Fighting       | 3 4 5 6 7 8 9 10 11 12 13 14 15 16 | 16.1
Invocations    | 2 5 7 |  7.3
Armour         | 1 3 5 6 7 8 9 10 11 | 11.5
Transmutations | 5 7 9 11 12 | 12.0
Spellcasting   | 3 4 6 7 8 9 10 11 12 13 14 | 14.1
Translocations | 4 6 |  6.0
Charms         | 1 2 3 4 6 |  6.2
Shields        | 2 4 5 6 7 8 9 10 11 | 11.2
Necromancy     | 3 4 6 |  6.3
Earth Magic    | 2 6 8 10 12 14 15 16 | 16.1
Throwing       | 1 4 5 6 7 8 9 10 | 10.1
Air Magic      | 3 6 8 |  8.9
Staves         | 2 |  2.9

Action                   |  1- 3 |  4- 6 |  7- 9 | 10-12 | 13-15 | 16-18 | 19-21 | 22-24 | 25-27 || total
-------------------------+-------+-------+-------+-------+-------+-------+-------+-------+-------++-------
Melee: Unarmed           |    30 |       |   282 |   719 |   712 |  1017 |   988 |  1015 |   769 ||  5532
       Whip              |    98 |   195 |    52 |       |       |       |       |       |       ||   345
       Headbutt          |       |    18 |    58 |   207 |   272 |       |       |       |       ||   555
       Punch             |       |     1 |    13 |    62 |     7 |     4 |       |     6 |       ||    93
       Constrict         |       |       |       |       |   175 |   200 |   207 |   184 |   170 ||   936
       Peck              |       |       |       |       |       |       |       |       |    35 ||    35
Throw: Javelin           |       |       |       |     3 |       |       |    90 |       |       ||    93
       Tomahawk          |       |       |       |     1 |       |       |       |       |       ||     1
 Cast: Shroud of Golubri |       |       |     1 |     3 |     1 |       |     2 |     2 |     1 ||    10
       Repel Missiles    |       |       |       |     2 |     2 |     6 |     9 |    10 |     2 ||    31
       Passage of Golubr |       |       |       |     1 |       |     2 |     1 |     6 |     3 ||    13
       Regeneration      |       |       |       |     1 |     6 |    43 |    47 |    40 |    29 ||   166
       Blade Hands       |       |       |       |       |    10 |     4 |       |     1 |       ||    15
       Beastly Appendage |       |       |       |       |     1 |       |       |       |       ||     1
       Statue Form       |       |       |       |       |       |    29 |    40 |    37 |    30 ||   136
       Iron Shot         |       |       |       |       |       |       |     1 |     1 |     7 ||     9
       Summon Butterflie |       |       |       |       |       |       |       |       |     9 ||     9
       Apportation       |       |       |       |       |       |       |       |       |     3 ||     3
       Deflect Missiles  |       |       |       |       |       |       |       |       |     2 ||     2
       Song of Slaying   |       |       |       |       |       |       |       |       |     1 ||     1
Invok: Slouch            |       |       |       |     1 |     6 |    20 |    13 |     2 |     8 ||    50
 Abil: Spit Poison       |     5 |     8 |    11 |    14 |     1 |       |       |       |       ||    39
       Breathe Poison Ga |       |       |       |       |       |     2 |       |       |       ||     2
       End Transformatio |       |       |       |       |       |       |     1 |       |       ||     1
Evoke: Wand              |       |       |       |     1 |       |     1 |     2 |       |       ||     4
       Lamp of fire      |       |       |       |       |       |       |       |       |     1 ||     1
  Use: Scroll            |     3 |    11 |     8 |     9 |     8 |     7 |     5 |    12 |    12 ||    75
       Potion            |     1 |     1 |     4 |     5 |     3 |     1 |     1 |       |       ||    16
 Stab: Invisible         |       |       |       |     1 |       |       |       |       |       ||     1
       Distracted        |       |       |       |     1 |     2 |     3 |     3 |       |     1 ||    10
       Sleeping          |       |       |       |     1 |     1 |     2 |     1 |     3 |     5 ||    13
  Eat: Chunk             |     2 |     7 |    10 |    23 |    23 |    14 |    24 |    15 |     1 ||   119
       Pizza             |       |       |     1 |       |     2 |     4 |     3 |     3 |     2 ||    15
       Beef jerky        |       |       |       |       |       |     4 |       |     2 |     5 ||    11
       Meat ration       |       |       |       |       |       |     2 |       |       |       ||     2
       Fruit             |       |       |       |       |       |     4 |     3 |     6 |    10 ||    23
       Royal jelly       |       |       |       |       |       |     2 |     1 |       |     1 ||     4
Armor: Leather armour    |    52 |    16 |       |       |   133 |    56 |       |       |       ||   257
       Ring mail         |       |   100 |   138 |   419 |   145 |       |       |       |       ||   802
       Troll leather arm |       |       |       |       |       |   171 |   207 |   111 |    51 ||   540
       Skin              |       |       |       |       |       |   237 |   498 |   221 |   196 ||  1152
Dodge: Dodged            |    91 |    90 |   107 |   403 |   353 |   702 |  1171 |   625 |   574 ||  4116
       Deflected         |       |       |       |     3 |     2 |    17 |    36 |    32 |    43 ||   133
Block: Buckler           |       |       |       |       |   317 |   655 |   867 |   130 |       ||  1969
       Other             |       |       |       |       |    11 |    12 |       |     3 |       ||    26
       Shield            |       |       |       |       |       |       |       |   816 |   950 ||  1766
